[Event "5th EKA IIFL Investment 2019"]
[Site "Mumbai"]
[Date "2020.01.04"]
[Round "6.47"]
[White "Mohite, Ranveer"]
[Black "Manish Kumar (2006)"]
[Result "1/2-1/2"]
[ECO "C72"]
[WhiteElo "2281"]
[BlackElo "2168"]
[Annotator "ChessBase"]
[PlyCount "85"]
[EventDate "2019.12.30"]
[EventType "swiss"]
[EventCountry "IND"]
[SourceTitle "playchess.com"]
[Source "ChessBase"]
[SourceQuality "1"]
[TimeControl "40/5400+30:1800+30"]

1. e4 e5 2. Nf3 Nc6 3. Bb5 a6 4. Ba4 d6 5. O-O Bd7 6. d4 b5 7. Bb3 Nxd4 8. Nxd4 exd4 9. c3 dxc3 10. Qh5 g6 11. Qd5 Be6 12. Qc6+ Bd7 13. Qd5 Be6 14. Qc6+ Bd7 15. Qxc3 Qf6 16. Qxc7 Rc8 17. Qb7 Bg7 18. Nc3 Ne7 19. Nd5 Nxd5 20. exd5 Qe7 21. Bf4 O-O 22. Qxa6 Bxb2 23. Qxd6 Qxd6 24. Bxd6 Bxa1 25. Bxf8 Kxf8 26. Rxa1 Ke7 27. f3 Kd6 28. Kf2 Rc3 29. Re1 g5 30. Re3 Rc5 31. Ke2 Rc1 32. Kf2 Rh1 33. h3 h5 34. f4 g4 35. h4 Rxh4 36. Re1 g3+ 37. Kxg3 Rg4+ 38. Kf3 h4 39. Re3 Rg3+ 40. Kf2 Rg4 41. Kf3 Rg3+ 42. Kf2 Rg4 43. Kf3 {Ke5 Ke4+} 1/2-1/2

[Event "5th EKA IIFL Investment 2019"]
[Site "Mumbai"]
[Date "2020.01.04"]
[Round "6.48"]
[White "Chitlange Sakshi"]
[Black "Deshpande, Aniruddha"]
[Result "1/2-1/2"]
[ECO "E73"]
[WhiteElo "2163"]
[BlackElo "2275"]
[Annotator "ChessBase"]
[PlyCount "112"]
[EventDate "2019.12.30"]
[EventType "swiss"]
[EventCountry "IND"]
[SourceTitle "playchess.com"]
[Source "ChessBase"]
[SourceQuality "1"]
[TimeControl "40/5400+30:1800+30"]

1. d4 Nf6 2. c4 g6 3. Nc3 Bg7 4. e4 d6 5. Be2 O-O 6. Bg5 Na6 7. Nf3 e5 8. O-O h6 9. Be3 Bg4 10. Re1 Re8 11. d5 Nc5 12. Nd2 Bxe2 13. Qxe2 a5 14. b3 Nh5 15. g3 Qd7 16. a3 Nf4 17. Qf3 Nh3+ 18. Kg2 Ng5 19. Bxg5 hxg5 20. b4 g4 21. Qe3 Na4 22. Nb3 axb4 23. axb4 f5 24. Nxa4 Rxa4 25. Rxa4 Qxa4 26. Qc3 Rf8 27. b5 Qa7 28. Ra1 Qb8 29. f3 Qd8 30. fxg4 fxg4 31. Rf1 Rxf1 32. Kxf1 b6 33. Qe3 Qa8 34. Qe2 Qa4 35. Qc2 Bh6 36. Ke2 Qb4 37. Qd3 Qa4 38. Qc2 Qa3 39. Kd3 Bg5 40. Ke2 Kg7 41. Kd3 Bh6 42. Ke2 Qb4 43. Qd3 Qa4 44. Qc2 Qa3 45. Kf2 Qa8 46. Qe2 Kh7 47. Kg2 Qa4 48. Qc2 Be3 49. Kf1 Qa3 50. Ke2 Bg5 51. Kd3 Kg7 52. Ke2 Bh6 53. Kd3 Qb4 54. Ke2 Bg5 55. Qd3 Qa3 56. Qc2 Qb4 1/2-1/2

[Event "5th EKA IIFL Investment 2019"]
[Site "Mumbai"]
[Date "2020.01.04"]
[Round "6.49"]
[White "Aaryan, Varshney"]
[Black "Kulkarni, Vinayak"]
[Result "1/2-1/2"]
[ECO "D34"]
[WhiteElo "2269"]
[BlackElo "2167"]
[Annotator "NA"]
[PlyCount "80"]
[EventDate "2019.12.30"]
[EventType "swiss"]
[EventCountry "IND"]
[SourceTitle "playchess.com"]
[Source "ChessBase"]
[SourceQuality "1"]
[TimeControl "40/5400+30:1800+30"]

1. d4 d5 2. c4 e6 3. Nc3 c5 4. cxd5 exd5 5. Nf3 Nc6 6. g3 Nf6 7. Bg2 Be7 8. O-O O-O 9. Bg5 c4 10. Ne5 Be6 11. Nxc6 bxc6 12. b3 h6 13. Bxf6 Bxf6 14. e3 Qa5 15. Na4 Be7 16. Qc2 Rac8 17. Rfd1 Rfd8 18. Rab1 g6 19. e4 c5 20. dxc5 d4 21. Bf1 d3 22. Qc3 Qxc3 23. Nxc3 Rxc5 24. bxc4 Bxc4 25. Nd5 Bxd5 26. exd5 Rcxd5 27. Rd2 Bg5 28. f4 Be7 29. Rb3 Rc8 30. Rbxd3 Rxd3 31. Bxd3 Rc3 32. Be4 f5 33. Bd5+ Kg7 34. Bb3 Kf6 35. Bd5 Kg7 36. Bb3 Kf6 37. Bd5 Kg7 38. Bb3 Kf6 39. Bd5 Kg7 40. Bb3 Kf6 1/2-1/2

[Event "5th EKA IIFL Investment 2019"]
[Site "Mumbai"]
[Date "2020.01.04"]
[Round "6.50"]
[White "Saurabh Anand"]
[Black "Safranska, Anda"]
[Result "1-0"]
[ECO "B04"]
[WhiteElo "2269"]
[BlackElo "2112"]
[Annotator "NA"]
[PlyCount "65"]
[EventDate "2019.12.30"]
[EventType "swiss"]
[EventCountry "IND"]
[SourceTitle "playchess.com"]
[Source "ChessBase"]
[SourceQuality "1"]
[TimeControl "40/5400+30:1800+30"]

1. e4 Nf6 2. e5 Nd5 3. d4 d6 4. Nf3 g6 5. c4 Nb6 6. Nc3 Bg7 7. Bf4 O-O 8. Be2 Na6 9. O-O c6 10. h3 Nc7 11. Qc1 d5 12. c5 Nd7 13. Bh6 f6 14. b4 fxe5 15. Bxg7 Kxg7 16. dxe5 Ne6 17. Re1 Rf7 18. Nd1 Ndf8 19. Ne3 h6 20. g3 Nc7 21. Kg2 Be6 22. Ng4 Bxg4 23. hxg4 e6 24. Rh1 g5 25. Rh5 Nd7 26. Qh1 Rxf3 27. Rxh6 Qh8 28. Rxh8 Rxh8 29. Qc1 Rff8 30. Qxg5+ Kf7 31. Rh1 Rfg8 32. Qf4+ Kg7 33. Rh5 1-0

[Event "5th EKA IIFL Investment 2019"]
[Site "Mumbai"]
[Date "2020.01.04"]
[Round "6.51"]
[White "Luong, Phuong Hanh"]
[Black "Soham Datar"]
[Result "1-0"]
[ECO "D02"]
[WhiteElo "2256"]
[BlackElo "2145"]
[Annotator "ChessBase"]
[PlyCount "79"]
[EventDate "2019.12.30"]
[EventType "swiss"]
[EventCountry "IND"]
[SourceTitle "playchess.com"]
[Source "ChessBase"]
[SourceQuality "1"]
[TimeControl "40/5400+30:1800+30"]

1. d4 Nf6 2. Nf3 d5 3. Bf4 c5 4. e3 Nc6 5. c3 e6 6. Nbd2 Bd6 7. Bg3 O-O 8. Bd3 b6 9. O-O Bb7 10. Re1 Ne7 11. Bxd6 Qxd6 12. Ne5 a6 13. f4 Qc7 14. Qf3 Nf5 15. Qh3 Ne4 16. Rad1 f6 17. Nef3 c4 18. Bc2 b5 19. Nxe4 dxe4 20. Nd2 Nd6 21. Nxe4 f5 22. Ng5 h6 23. Nxe6 Qe7 24. Nxf8 Rxf8 25. d5 a5 26. e4 fxe4 27. Qe6+ Rf7 28. Bxe4 Nxe4 29. Rxe4 Qc5+ 30. Kh1 Qf2 31. Qe8+ Rf8 32. Qxb5 Bc8 33. Qxc4 Bg4 34. Rf1 Qxb2 35. h3 Bf5 36. Re7 Qd2 37. Qd4 Qxd4 38. cxd4 Rd8 39. Rc1 Rxd5 40. Re5 1-0

[Event "5th EKA IIFL Investment 2019"]
[Site "Mumbai"]
[Date "2020.01.04"]
[Round "6.52"]
[White "Jay Kundaliya"]
[Black "Souhardo Basak"]
[Result "0-1"]
[ECO "E06"]
[WhiteElo "2088"]
[BlackElo "2254"]
[Annotator "ChessBase"]
[PlyCount "93"]
[EventDate "2019.12.30"]
[EventType "swiss"]
[EventCountry "IND"]
[SourceTitle "playchess.com"]
[Source "ChessBase"]
[SourceQuality "1"]
[TimeControl "40/5400+30:1800+30"]

1. d4 Nf6 2. c4 e6 3. g3 d5 4. Bg2 Be7 5. Nf3 O-O 6. O-O dxc4 7. Qc2 a6 8. a4 Bd7 9. Qxc4 Bc6 10. Bf4 Bd6 11. Nc3 Bxf4 12. gxf4 a5 13. Rfe1 Qd6 14. e3 Bxf3 15. Bxf3 c6 16. Kh1 Ra6 17. Qf1 Rb6 18. Rab1 Na6 19. Qh3 Nb4 20. Rg1 g6 21. Qh4 Qd8 22. Rgd1 Nfd5 23. Qxd8 Rxd8 24. Ne4 Na6 25. Rdc1 Rb4 26. b3 Kf8 27. Be2 Ra8 28. Nd6 Ke7 29. Nc4 Nb8 30. Ne5 Nd7 31. Nd3 Rb6 32. Kg2 Nb4 33. Nc5 Nd5 34. Ne4 Rb4 35. Kf3 b5 36. Bd1 f5 37. Nd2 Kd6 38. Ra1 N5b6 39. Ra2 bxa4 40. bxa4 c5 41. dxc5+ Nxc5 42. Rca1 e5 43. fxe5+ Kxe5 44. Kg2 Ne4 45. f4+ Kf6 46. Kf3 {[%emt 0:08:55] Ke5 Kg2+ Kf6 Nxe4+ fxe4 Rc1} Rd8 {[%emt 0:35:54] Rc6+ Kg7 Rc7+ Kh6 Bg4 Nd5 Rd7 Nxe3+ Kg3 Rxd7 Bxd7 Rd4 Bc6 Nf5+ Kg4 e3 Re2 Rd2 Re1 Rxh2 Bd7 Rg2+ Kf3 Rg3+ Ke4 Nd6+ Kd5 Nb7 Kc6 Nd8+ Kb6 g5 fxg5+ Kxg5 Kxa5 Kf4 Kb6 Rg6+ Kc5 Kf3 Bb5 Ne6+ Kb4 Nf4 a5 e2 a6 Kf2 a7 Rg8 Rxe2+ Nxe2 Bc6 h5 a8=Q Rxa8 Bxa8} 47. h4 {[%emt 0:00:00] Kc4 h3 Bh1 Kg1 Bf3 Nf4} 0-1

[Event "5th EKA IIFL Investment 2019"]
[Site "Mumbai"]
[Date "2020.01.04"]
[Round "6.53"]
[White "Vatsal Singhania"]
[Black "Aakash Sharadchandra, Dalvi"]
[Result "1-0"]
[ECO "B85"]
[WhiteElo "2252"]
[BlackElo "2107"]
[Annotator "ChessBase"]
[PlyCount "55"]
[EventDate "2019.12.30"]
[EventType "swiss"]
[EventCountry "IND"]
[SourceTitle "playchess.com"]
[Source "ChessBase"]
[SourceQuality "1"]
[TimeControl "40/5400+30:1800+30"]

1. e4 c5 2. Nf3 d6 3. d4 cxd4 4. Nxd4 Nf6 5. Nc3 a6 6. Be2 e6 7. O-O Qc7 8. f4 b5 9. Bf3 Bb7 10. e5 dxe5 11. fxe5 Nfd7 12. Bxb7 Qxb7 13. Qh5 g6 14. Qh4 Bg7 15. Ne4 Bxe5 16. Nf3 Qb6+ 17. Kh1 Bg7 18. Bh6 O-O 19. Rad1 f6 20. Rd6 Qc7 21. Bxg7 Kxg7 22. Nd4 Kg8 23. Nxe6 Qc4 24. Rf2 Rf7 25. b3 Qc8 26. Nxf6+ Rxf6 27. Rxf6 Qxc2 28. Rf1 1-0

[Event "5th EKA IIFL Investment 2019"]
[Site "Mumbai"]
[Date "2020.01.04"]
[Round "6.54"]
[White "Kamdar Udit"]
[Black "Raahul V S"]
[Result "0-1"]
[ECO "D45"]
[WhiteElo "2107"]
[BlackElo "2252"]
[Annotator "NA"]
[PlyCount "62"]
[EventDate "2019.12.30"]
[EventType "swiss"]
[EventCountry "IND"]
[SourceTitle "playchess.com"]
[Source "ChessBase"]
[SourceQuality "1"]
[TimeControl "40/5400+30:1800+30"]

1. d4 Nf6 2. c4 c6 3. Nc3 d5 4. Nf3 e6 5. e3 Bd6 6. Qc2 Nbd7 7. b3 O-O 8. Bd3 b6 9. O-O Ba6 10. Bb2 Rc8 11. Rac1 Re8 12. e4 dxc4 13. bxc4 e5 14. d5 Nc5 15. dxc6 Rxc6 16. Nb5 Bb8 17. Rfd1 Qc8 18. Nd2 Nh5 19. Bf1 Nf4 20. Nb1 Rg6 21. f3 Nxe4 22. fxe4 Qc5+ 23. Kh1 Nh3 24. Nd4 exd4 25. Bxd4 Qc7 26. g3 Ng5 27. Bg2 Nxe4 28. Re1 f5 29. Nc3 Bb7 30. Nd5 Bxd5 31. cxd5 Nxg3+ {Red1} 0-1

[Event "5th EKA IIFL Investment 2019"]
[Site "Mumbai"]
[Date "2020.01.04"]
[Round "6.55"]
[White "Sapaev, Maksad"]
[Black "Parnali, S Dharia"]
[Result "0-1"]
[ECO "C78"]
[WhiteElo "2250"]
[BlackElo "2102"]
[Annotator "ChessBase"]
[PlyCount "164"]
[EventDate "2019.12.30"]
[EventType "swiss"]
[EventCountry "IND"]
[SourceTitle "playchess.com"]
[Source "ChessBase"]
[SourceQuality "1"]
[TimeControl "40/5400+30:1800+30"]

1. e4 e5 2. Nf3 Nc6 3. Bb5 a6 4. Ba4 Nf6 5. O-O b5 6. Bb3 Bc5 7. Nxe5 Nxe5 8. d4 Bxd4 9. Qxd4 d6 10. c3 O-O 11. Bg5 h6 12. Bh4 c5 13. Qd1 Ng6 14. Bxf6 Qxf6 15. Nd2 Nf4 16. Qf3 Qg5 17. Kh1 c4 18. Bc2 Nxg2 19. Rg1 Nh4 20. Rxg5 Nxf3 21. Rd5 Bg4 22. h3 Nxd2 23. hxg4 Nf3 24. Kg2 Ne5 25. Kg3 Rfd8 26. Rad1 Kf8 27. f4 Nd3 28. Bxd3 cxd3 29. R1xd3 Ke7 30. R3d4 Rab8 31. Kf3 f6 32. Ke3 Rb6 33. Kd2 Rc8 34. a3 g5 35. e5 fxe5 36. fxe5 dxe5 37. Rxe5+ Re6 38. Rde4 Rxe5 39. Rxe5+ Kf6 40. Rf5+ Kg6 41. Rd5 Rc6 42. Rd8 Kf6 43. Ke3 Ke5 44. Rh8 Kd5 45. Kd3 Ke5 46. Rd8 Kf4 47. Rd4+ Kf3 48. a4 bxa4 49. Rxa4 h5 50. gxh5 g4 51. Ra5 g3 52. Rg5 Rd6+ 53. Kc4 g2 54. b4 Rh6 55. b5 Rxh5 56. Rxh5 g1=Q 57. Rd5 Qf1+ 58. Kd4 Qf2+ 59. Kc4 Qe2+ 60. Kb4 a5+ 61. Kc5 Qe7+ 62. Kc4 Qc7+ 63. Rc5 Qf7+ 64. Kd4 a4 65. Rc6 Qa7+ 66. b6 Qd7+ 67. Kc5 Qe7+ 68. Kb5 Qd7 69. Kc5 a3 70. Rc7 Qf5+ 71. Kb4 a2 72. Ra7 Qb1+ 73. Kc5 a1=Q 74. Rxa1 Qxa1 75. c4 Qa8 76. Kd6 Qb8+ 77. Kc6 Ke4 78. b7 Ke5 79. c5 Ke6 80. Kb6 Kd5 81. c6 Kd6 82. Kb5 Qa7 0-1

[Event "5th EKA IIFL Investment 2019"]
[Site "Mumbai"]
[Date "2020.01.04"]
[Round "6.56"]
[White "Panesar Vedant"]
[Black "Tarini Goyal"]
[Result "1/2-1/2"]
[ECO "B38"]
[WhiteElo "2247"]
[BlackElo "2098"]
[Annotator "ChessBase"]
[PlyCount "80"]
[EventDate "2019.12.30"]
[EventType "swiss"]
[EventCountry "IND"]
[SourceTitle "playchess.com"]
[Source "ChessBase"]
[SourceQuality "1"]
[TimeControl "40/5400+30:1800+30"]

1. e4 c5 2. Nf3 Nc6 3. d4 cxd4 4. Nxd4 g6 5. c4 Bg7 6. Be3 Nf6 7. Nc3 O-O 8. f3 Qb6 9. Na4 Qa5+ 10. Bd2 Qd8 11. Be3 Qa5+ 12. Bd2 Qd8 13. Bc3 d6 14. Nxc6 bxc6 15. c5 d5 16. e5 Ne8 17. Qd2 Qc7 18. f4 f6 19. exf6 Bxf6 20. g3 e5 21. fxe5 Bxe5 22. O-O-O Bf5 23. Bd3 Ng7 24. Bxe5 Qxe5 25. Rhe1 Qd4 26. Qc2 Qb4 27. Bxf5 Rxf5 28. Re7 Raf8 29. Qc3 Qxc3+ 30. Nxc3 R8f7 31. Rde1 Rf2 32. R7e2 Rxe2 33. Rxe2 Rf1+ 34. Kd2 Kf7 35. b4 Ne6 36. a4 Nd4 37. Rg2 a6 38. Kd3 Ne6 39. Re2 Rf3+ 40. Kd2 Nd4 1/2-1/2

[Event "5th EKA IIFL Investment 2019"]
[Site "Mumbai"]
[Date "2020.01.04"]
[Round "6.57"]
[White "Kumar, Gaurav"]
[Black "Wagh Suyog"]
[Result "1/2-1/2"]
[ECO "B15"]
[WhiteElo "2075"]
[BlackElo "2219"]
[Annotator "ChessBase"]
[PlyCount "137"]
[EventDate "2019.12.30"]
[EventType "swiss"]
[EventCountry "IND"]
[SourceTitle "playchess.com"]
[Source "ChessBase"]
[SourceQuality "1"]
[TimeControl "40/5400+30:1800+30"]

1. e4 c6 2. d4 d5 3. Nd2 dxe4 4. Nxe4 Nf6 5. Nxf6+ exf6 6. c3 Bd6 7. Qc2 O-O 8. Bd3 Re8+ 9. Ne2 h5 10. Be3 Nd7 11. Ng3 Nb6 12. Nxh5 Nd5 13. O-O-O Rxe3 14. fxe3 Nxe3 15. Qe2 Nxd1 16. Rxd1 g6 17. Ng3 f5 18. Bc4 Bd7 19. Rf1 Qh4 20. Ne4 Bf8 21. Nc5 Re8 22. Qf2 Qxf2 23. Rxf2 Bc8 24. Re2 Rxe2 25. Bxe2 Bxc5 26. dxc5 Kg7 27. a4 Kf6 28. a5 a6 29. Kd2 Ke5 30. g3 Ke4 31. Bd1 Be6 32. Ke2 f4 33. Bc2+ Ke5 34. gxf4+ Kxf4 35. Kf2 g5 36. b4 Bc4 37. Bb1 g4 38. Bc2 f5 39. Bb1 Kg5 40. Bc2 Kf4 41. Bb1 Ke5 42. Kg3 Be6 43. Bc2 f4+ 44. Kf2 Bf5 45. Bd1 Kf6 46. Be2 Kg5 47. Bc4 Kh4 48. Bf1 Be4 49. Bc4 g3+ 50. hxg3+ fxg3+ 51. Kg1 Bf5 52. Be2 Kg5 53. Bf3 Kf4 54. Bg2 Ke3 55. b5 axb5 56. a6 bxa6 57. Bxc6 Bc8 58. Be8 Kd2 59. c6 a5 60. Bd7 Ba6 61. c7 Kxc3 62. Bxb5 Bc8 63. Kg2 Kb4 64. Be8 a4 65. Bxa4 Kxa4 66. Kxg3 Kb5 67. Kf4 Kc6 68. Ke5 Kxc7 69. Ke4 1/2-1/2

[Event "5th EKA IIFL Investment 2019"]
[Site "Mumbai"]
[Date "2020.01.04"]
[Round "6.58"]
[White "Kavinda, Akila"]
[Black "Ziatdinov, Raset"]
[Result "1-0"]
[ECO "A46"]
[WhiteElo "2022"]
[BlackElo "2204"]
[Annotator "ChessBase"]
[PlyCount "67"]
[EventDate "2019.12.30"]
[EventType "swiss"]
[EventCountry "IND"]
[SourceTitle "playchess.com"]
[Source "ChessBase"]
[SourceQuality "1"]
[TimeControl "40/5400+30:1800+30"]

1. d4 Nf6 2. Nf3 e6 3. c4 c5 4. g3 b6 5. Bg2 Bb7 6. O-O cxd4 7. Qxd4 Nc6 8. Qf4 d5 9. Rd1 Bd6 10. Qh4 Nb4 11. Nc3 Be7 12. Bg5 Qb8 13. a3 Na6 14. cxd5 exd5 15. Nd4 Qe5 16. Bf4 Qh5 17. Qxh5 Nxh5 18. Nxd5 Nxf4 19. gxf4 Bxd5 20. Bxd5 Rd8 21. Nc6 Rd6 22. Bc4 Nc5 23. Rxd6 Bxd6 24. Rd1 Be7 25. f3 a5 26. b4 axb4 27. axb4 Ne6 28. Bxe6 fxe6 29. Ra1 Bf8 30. Ra8+ Kd7 31. Ne5+ Kc7 32. Kg2 b5 33. Nf7 Rg8 34. Ng5 1-0

[Event "5th EKA IIFL Investment 2019"]
[Site "Mumbai"]
[Date "2020.01.04"]
[Round "6.59"]
[White "Praveen Kumar C"]
[Black "Rathneesh R"]
[Result "1/2-1/2"]
[ECO "E06"]
[WhiteElo "2199"]
[BlackElo "2064"]
[Annotator "NA"]
[PlyCount "80"]
[EventDate "2019.12.30"]
[EventType "swiss"]
[EventCountry "IND"]
[SourceTitle "playchess.com"]
[Source "ChessBase"]
[SourceQuality "1"]
[TimeControl "40/5400+30:1800+30"]

1. d4 Nf6 2. c4 e6 3. g3 d5 4. Nf3 Be7 5. Bg2 O-O 6. O-O dxc4 7. Qc2 a6 8. Qxc4 b5 9. Qc2 Bb7 10. Bd2 Be4 11. Qb3 c5 12. dxc5 Nbd7 13. Be3 Nxc5 14. Bxc5 Bxc5 15. Nc3 Bb7 16. Ne5 Bxg2 17. Kxg2 Bd4 18. Rad1 Qb6 19. Nf3 Bxc3 20. Qxc3 Rac8 21. Qd4 Qxd4 22. Nxd4 e5 23. Nf3 Rc2 24. Rd2 Rxd2 25. Nxd2 Rc8 26. Nb3 Kf8 27. Rc1 Rxc1 28. Nxc1 Ke7 29. f3 Kd6 30. Kf2 Nd7 31. Ke3 Nf6 32. Nd3 Nd5+ 33. Kd2 a5 34. Nf2 h6 35. Ne4+ Kc6 36. Nc3 Nxc3 37. Kxc3 Kc5 38. e4 Kc6 39. a3 Kc5 40. b4+ axb4+ 1/2-1/2

[Event "5th EKA IIFL Investment 2019"]
[Site "Mumbai"]
[Date "2020.01.05"]
[Round "7.6"]
[White "Chanda, Sandipan"]
[Black "Muthaiah AL"]
[Result "1-0"]
[ECO "D02"]
[WhiteElo "2546"]
[BlackElo "2367"]
[Annotator "RC"]
[PlyCount "91"]
[EventDate "2019.12.30"]
[EventType "swiss"]
[EventCountry "IND"]
[SourceTitle "playchess.com"]
[Source "ChessBase"]
[SourceQuality "1"]
[TimeControl "40/5400+30:1800+30"]

1. d4 d5 2. Nf3 Nf6 3. Bf4 c5 4. e3 Nc6 5. Nbd2 cxd4 6. exd4 Bf5 7. Bb5 e6 8. Ne5 Qb6 9. c4 a6 10. Bxc6+ bxc6 11. c5 Qxb2 12. Nxc6 Nd7 13. O-O Qb5 14. Ne5 Nxe5 15. Bxe5 f6 16. Bf4 g5 17. Bg3 h5 18. h3 Kf7 19. Re1 g4 20. Re3 Bh6 21. Rb3 Qa5 22. Nf1 Kg6 23. h4 Rh7 24. Ne3 Bxe3 25. fxe3 Raa7 26. Qe1 Qxe1+ 27. Rxe1 Rab7 28. Rb6 e5 29. Rc1 exd4 30. exd4 a5 31. a4 Rbe7 32. c6 Re3 33. Bd6 Rh8 34. c7 Kf7 35. Rf1 Bd3 36. Rb8 Ree8 37. Rxf6+ Kxf6 38. Be5+ Ke7 39. Bxh8 Bf5 40. Rd8 Bc8 41. Be5 g3 42. Bd6+ Kf7 43. Bxg3 Bg4 44. Rxd5 Re3 45. Kh2 Rc3 46. Rd8 1-0

[Event "5th EKA IIFL Investment 2019"]
[Site "Mumbai"]
[Date "2020.01.05"]
[Round "7.8"]
[White "Stupak, Kirill"]
[Black "Subhayan Kundu"]
[Result "1-0"]
[ECO "E06"]
[WhiteElo "2506"]
[BlackElo "2244"]
[Annotator "ChessBase"]
[PlyCount "71"]
[EventDate "2019.12.30"]
[EventType "swiss"]
[EventCountry "IND"]
[SourceTitle "playchess.com"]
[Source "ChessBase"]
[SourceQuality "1"]
[TimeControl "40/5400+30:1800+30"]

1. d4 Nf6 2. g3 d5 3. Bg2 e6 4. c4 Be7 5. Nf3 O-O 6. O-O dxc4 7. Ne5 Nc6 8. Nxc6 bxc6 9. Na3 Bxa3 10. bxa3 Nd5 11. Qa4 Nb6 12. Qa5 Rb8 13. Rd1 a6 14. Bd2 Nd5 15. a4 f5 16. Qc5 c3 17. Bxc3 Qd6 18. Qc4 Bd7 19. e3 Nb6 20. Qxa6 Ra8 21. Qe2 Rxa4 22. Rdc1 Rfa8 23. Be1 Nd5 24. Qc2 g6 25. Bf1 Nb6 26. Bg2 Nd5 27. Bf3 Ra3 28. Be2 Nb6 29. Rcb1 Qd5 30. Rb2 c5 31. dxc5 Na4 32. Rd1 Qe5 33. Rb3 Rxb3 34. axb3 Nxc5 35. Bb4 Na6 36. Bc3 1-0

[Event "5th EKA IIFL Investment 2019"]
[Site "Mumbai"]
[Date "2020.01.05"]
[Round "7.13"]
[White "Gholami, Aryan"]
[Black "Ameir, Moheb"]
[Result "1/2-1/2"]
[ECO "B31"]
[WhiteElo "2541"]
[BlackElo "2363"]
[Annotator "ChessBase"]
[PlyCount "91"]
[EventDate "2019.12.30"]
[EventType "swiss"]
[EventCountry "IND"]
[SourceTitle "playchess.com"]
[Source "ChessBase"]
[SourceQuality "1"]
[TimeControl "40/5400+30:1800+30"]

1. Nf3 c5 2. e4 Nc6 3. Bb5 g6 4. O-O Bg7 5. Re1 Nf6 6. Nc3 O-O 7. e5 Ne8 8. Bxc6 dxc6 9. h3 Nc7 10. d3 Ne6 11. Ne4 b6 12. Neg5 h6 13. Nxe6 Bxe6 14. b3 a5 15. a4 Ra7 16. Bb2 Qc8 17. Qe2 Bd5 18. Nd2 Kh7 19. Rad1 Rb7 20. c4 Be6 21. Nf3 Re8 22. d4 cxd4 23. Nxd4 Rd8 24. Nxe6 Rxd1 25. Ng5+ hxg5 26. Rxd1 Qe6 27. Bd4 b5 28. axb5 cxb5 29. cxb5 Qxb3 30. b6 a4 31. Ra1 Rd7 32. Qb2 Qc4 33. Bc3 Rb7 34. g3 e6 35. Bd4 Bf8 36. Rc1 Qd5 37. Rc7 a3 38. Qc3 a2 39. Rxb7 Qxb7 40. Kh2 Qe4 41. Qb2 Ba3 42. Qxa3 Qxd4 43. Qxa2 Qxb6 44. Qe2 Qd4 45. Qf3 Kg8 46. Qf6 1/2-1/2

[Event "5th EKA IIFL Investment 2019"]
[Site "Mumbai"]
[Date "2020.01.05"]
[Round "7.14"]
[White "Manik, Mikulas"]
[Black "Debashis, Das"]
[Result "1-0"]
[ECO "B90"]
[WhiteElo "2378"]
[BlackElo "2523"]
[Annotator "ChessBase"]
[PlyCount "65"]
[EventDate "2019.12.30"]
[EventType "swiss"]
[EventCountry "IND"]
[SourceTitle "playchess.com"]
[Source "ChessBase"]
[SourceQuality "1"]
[TimeControl "40/5400+30:1800+30"]

1. e4 c5 2. Nf3 d6 3. d4 cxd4 4. Nxd4 Nf6 5. Nc3 a6 6. Be3 e6 7. Be2 Be7 8. f4 Qc7 9. a4 Nc6 10. O-O O-O 11. Kh1 Re8 12. g4 Nxd4 13. Bxd4 e5 14. Be3 exf4 15. Bxf4 Bf8 16. Bf3 Be6 17. g5 Nd7 18. Nd5 Qa5 19. b4 Qd8 20. a5 Rc8 21. Ra3 Ne5 22. Bg2 Ng6 23. Bc1 Kh8 24. Bh3 Rc4 25. Bf5 Nh4 26. Bxe6 fxe6 27. Qh5 Rxe4 28. g6 Nxg6 29. Bg5 Qd7 30. Rh3 h6 31. Bxh6 gxh6 32. Qxg6 Bg7 33. Nf6 1-0

[Event "5th EKA IIFL Investment 2019"]
[Site "Mumbai"]
[Date "2020.01.05"]
[Round "7.17"]
[White "Krishnater Kushager"]
[Black "Shyaamnikhil P"]
[Result "1/2-1/2"]
[ECO "B90"]
[WhiteElo "2386"]
[BlackElo "2458"]
[Annotator "ChessBase"]
[PlyCount "78"]
[EventDate "2019.12.30"]
[EventType "swiss"]
[EventCountry "IND"]
[SourceTitle "playchess.com"]
[Source "ChessBase"]
[SourceQuality "1"]
[TimeControl "40/5400+30:1800+30"]

1. e4 c5 2. Nf3 d6 3. d4 cxd4 4. Nxd4 Nf6 5. Nc3 a6 6. h3 e5 7. Nb3 Be7 8. g4 h6 9. Be3 Nbd7 10. a4 b6 11. Qf3 Bb7 12. h4 Rc8 13. g5 hxg5 14. hxg5 Rxh1 15. Qxh1 Ng4 16. Qh8+ Nf8 17. Bh3 Nxe3 18. fxe3 Rxc3 19. bxc3 Bxg5 20. O-O-O Bxe3+ 21. Kb2 Bh6 22. Bf1 Ke7 23. Bd3 a5 24. Nd2 Bxd2 25. Rxd2 Ne6 26. Qh4+ Kd7 27. Qh5 Qf6 28. Qh8 Kc7 29. Rh2 Qd8 30. Qh5 Qe7 31. Qh7 d5 32. exd5 Bxd5 33. Bb5 Bb7 34. Rd2 Bc8 35. Qe4 Nd8 36. Qc4+ Qc5 37. Qe4 Qe7 38. Qc4+ Kb8 39. Qd5 Kc7 1/2-1/2

[Event "5th EKA IIFL Investment 2019"]
[Site "Mumbai"]
[Date "2020.01.05"]
[Round "7.19"]
[White "Srijit Paul"]
[Black "Puranik, Abhimanyu"]
[Result "0-1"]
[ECO "C54"]
[WhiteElo "2313"]
[BlackElo "2598"]
[Annotator "ChessBase"]
[PlyCount "66"]
[EventDate "2019.12.30"]
[EventType "swiss"]
[EventCountry "IND"]
[SourceTitle "playchess.com"]
[Source "ChessBase"]
[SourceQuality "1"]
[TimeControl "40/5400+30:1800+30"]

1. e4 e5 2. Nf3 Nc6 3. Bc4 Bc5 4. c3 Nf6 5. d3 d6 6. h3 a6 7. Bb3 h6 8. Nbd2 Be6 9. Qe2 O-O 10. g4 d5 11. g5 Nh5 12. Nf1 dxe4 13. dxe4 Bxb3 14. axb3 hxg5 15. Nxg5 g6 16. Rg1 Qf6 17. Ne3 Nf4 18. Nd5 Bxf2+ 19. Kxf2 Nxd5+ 20. Kg3 Nf4 21. Qg4 Rad8 22. Bxf4 exf4+ 23. Qxf4 Rd3+ 24. Nf3 Qxf4+ 25. Kxf4 Nd8 26. Rad1 Ne6+ 27. Kg4 Nc5 28. Ng5 Rxd1 29. Rxd1 Re8 30. Kg3 a5 31. Rd4 Re5 32. h4 f6 33. b4 fxg5 0-1

[Event "5th EKA IIFL Investment 2019"]
[Site "Mumbai"]
[Date "2020.01.05"]
[Round "7.22"]
[White "Pranesh M"]
[Black "Koustav Chatterjee"]
[Result "1/2-1/2"]
[ECO "C89"]
[WhiteElo "2317"]
[BlackElo "2443"]
[Annotator "NA"]
[PlyCount "84"]
[EventDate "2019.12.30"]
[EventType "swiss"]
[EventCountry "IND"]
[SourceTitle "playchess.com"]
[Source "ChessBase"]
[SourceQuality "1"]
[TimeControl "40/5400+30:1800+30"]

1. e4 e5 2. Nf3 Nc6 3. Bb5 a6 4. Ba4 Nf6 5. O-O Be7 6. Re1 b5 7. Bb3 O-O 8. c3 d5 9. d3 d4 10. a4 Rb8 11. axb5 axb5 12. h3 Bc5 13. Bc2 Re8 14. Nbd2 h6 15. Nb3 Bb6 16. cxd4 exd4 17. Bf4 Be6 18. Qd2 Qe7 19. Rec1 Rbd8 20. Bd1 Nb4 21. Bxc7 Bxc7 22. Rxc7 Qxc7 23. Qxb4 Nh5 24. Nbxd4 Nf4 25. Qd2 g5 26. h4 Bg4 27. Rc1 Qd7 28. hxg5 Bxf3 29. Qxf4 Qxd4 30. g6 fxg6 31. Bb3+ Kh7 32. Rc7+ Rd7 33. Rxd7+ Qxd7 34. Qxf3 Qg7 35. Bd5 Rc8 36. g3 Qxb2 37. Qf7+ Qg7 38. Qe6 Rc3 39. Qd6 b4 40. Qxb4 Rxd3 41. Qd6 Rd1+ 42. Kg2 Re1 1/2-1/2

[Event "5th EKA IIFL Investment 2019"]
[Site "Mumbai"]
[Date "2020.01.05"]
[Round "7.24"]
[White "Sundararajan, Kidambi"]
[Black "Shailesh, Dravid"]
[Result "1/2-1/2"]
[ECO "A00"]
[WhiteElo "2414"]
[BlackElo "2311"]
[Annotator "NA"]
[PlyCount "83"]
[EventDate "2019.12.30"]
[EventType "swiss"]
[EventCountry "IND"]
[SourceTitle "playchess.com"]
[Source "ChessBase"]
[SourceQuality "1"]
[TimeControl "40/5400+30:1800+30"]

1. g3 e5 2. Bg2 d6 3. d4 exd4 4. Qxd4 Nf6 5. Nh3 Nc6 6. Qd1 g6 7. c4 Bg7 8. Nc3 O-O 9. O-O Re8 10. Nf4 Bf5 11. f3 Ne5 12. e4 Bd7 13. b3 a6 14. a4 a5 15. Be3 b6 16. Rc1 Bc8 17. Nfd5 Nxd5 18. Nxd5 Bb7 19. Bh3 Nd7 20. Bxd7 Qxd7 21. Bd4 f5 22. exf5 gxf5 23. Rc2 Qf7 24. Bxg7 Qxg7 25. Qd3 Re5 26. Qc3 Qf7 27. f4 Re6 28. Re1 Rxe1+ 29. Qxe1 Bxd5 30. cxd5 Re8 31. Re2 Rxe2 32. Qxe2 Qxd5 33. Qe8+ Kg7 34. Qe7+ Kg6 35. Qg5+ Kf7 36. Qh5+ Ke7 37. Qxh7+ Kd8 38. Qh8+ Kd7 39. Qg7+ Kc6 40. Qc3+ Kb7 41. Kf2 Kb8 42. Qh8+ 1/2-1/2